 Dungeon Crawl Stone Soup version 0.19.0-2-gae57169 (webtiles) character file.

514517 recordrepeat the Hoplite (level 25, -38/228 HPs)
             Began as a Hill Orc Fighter on Nov 2, 2016.
             Was the Champion of Beogh.
             Killed from afar by an orb of fire (95 damage)
             ... with a fireball
             ... on level 4 of the Realm of Zot on Nov 6, 2016.
             The game lasted 09:14:25 (79337 turns).

recordrepeat the Hoplite (Hill Orc Fighter)        Turns: 79337, Time: 09:14:25

Health: -38/228    AC: 50    Str: 35    XL:     25   Next: 15%
Magic:  28/28      EV: 12    Int: 16    God:    Beogh [******]
Gold:   4920       SH: 39    Dex: 19    Spells: 0 memorised, 24 levels left

rFire  . . .     SeeInvis .     Y - +10 war axe "Xokhlish" {chop, +Rage Int+3}
rCold  + + +     Gourm    .     y - +5 crystal plate armour
rNeg   + + +     Faith    .     V - +6 large shield of Ignorance {rN+ AC+4 Int-6 *Curse}
rPois  .         Spirit   .     Q - +2 helmet {Int+3}
rElec  .         Reflect  +     X - +2 cloak of Reme {+Inv rN+++ Str+5}
rCorr  .         Harm     .     b - +1 pair of gloves {Dex+3}
MR     ++++.     Rnd*Tele +     H - +3 pair of boots of Lucidity {rF+ MR+ Int+4}
Stlth  ..........               W - +4 amulet of reflection
                                t - ring of Darkness {rF- AC+1 Int+4 Dex+3}
                                u - ring "Wausyqor" {rC+++ MR+ Str+4}

@: no status effects
A: walk on water, fangs 1, repulsion field 1, blink, magic resistance 1,
teleportitis 1, weak 1
a: Blink, Smiting, Recall Orcish Followers, Give Item to Named Follower,
Resurrection, Renounce Religion, Evoke Berserk Rage, Evoke Invisibility
}: 3/15 runes: decaying, silver, gossamer


You were on level 4 of the Realm of Zot.
You worshipped Beogh.
Beogh was exalted by your worship.
You were not hungry.

You visited 8 branches of the dungeon, and saw 45 of its levels.
You visited 1 bazaar.
You also visited: Labyrinth and Bailey.

You collected 6878 gold pieces.
You spent 1958 gold pieces at shops.

Inventory:

Hand Weapons
 k - the +3 falchion of Shrieking Terror {antimagic, MP+9 Str+4 Dex+3}
   (You found it on level 5 of the Vaults)

   It reduces the magical energy of the wielder, and disrupts the spells and
   magical abilities of those hit.
   Natural abilities and divine invocations are not affected.
   It affects your strength (+4).
   It affects your dexterity (+3).
   It affects your magic capacity (+9).
 I - the +9 rapier of Tynom {freeze, +Rage rElec MR- Dex+8}
   (You took it off a deep elf high priest on level 5 of the Vaults)

   It has been specially enchanted to freeze those struck by it, causing extra
   injury to most foes and up to half again as much damage against particularly
   susceptible opponents.
   It can also slow down cold-blooded creatures.
   It affects your dexterity (+8).
   It insulates you from electricity.
   It affects your resistance to hostile enchantments.
   It lets you go berserk.
 Y - the +10 war axe "Xokhlish" (weapon) {chop, +Rage Int+3}
   (You found it on level 5 of the Vaults)

   It inflicts extra damage upon your enemies.
   It affects your intelligence (+3).
   It lets you go berserk.
 Z - the +6 glaive "Hydrabane" {freeze, rC+ MR+ Dex-4 SInv}
   (You found it on level 4 of the Depths)

   It has been specially enchanted to freeze those struck by it, causing extra
   injury to most foes and up to half again as much damage against particularly
   susceptible opponents.
   It can also slow down cold-blooded creatures.
   It affects your dexterity (-4).
   It protects you from cold.
   It affects your resistance to hostile enchantments.
   It lets you see invisible.
Missiles
 v - a silver javelin (quivered)
Armour
 b - a +1 pair of gloves of dexterity (worn)
 y - a +5 crystal plate armour (worn)
 H - the +3 pair of boots of Lucidity (worn) {rF+ MR+ Int+4}
   (You found it on level 4 of the Lair of Beasts)

   It affects your intelligence (+4).
   It protects you from fire.
   It affects your resistance to hostile enchantments.
 O - the +5 faerie dragon scales {-Tele rElec rC++}
   (You took it off the Enchantress on level 3 of the Depths)

   It greatly protects you from cold.
   It insulates you from electricity.
   It prevents most forms of teleportation.
 Q - a +2 helmet of intelligence (worn)
 V - the +6 large shield of Ignorance (worn) {rN+ AC+4 Int-6 *Curse}
   (You bought it in a shop on level 2 of the Orcish Mines)

   It affects your AC (+4).
   It affects your intelligence (-6).
   It protects you from negative energy.
   It may re-curse itself when equipped.
 X - the +2 cloak of Reme (worn) {+Inv rN+++ Str+5}
   (You found it on level 4 of the Lair of Beasts)

   It affects your strength (+5).
   It renders you almost immune to negative energy.
   It lets you turn invisible.
Jewellery
 t - the ring of Darkness (right hand) {rF- AC+1 Int+4 Dex+3}
   (You took it off a spriggan druid on level 4 of the Swamp)

   [ring of protection]

   It affects your AC (+1).
   It affects your intelligence (+4).
   It affects your dexterity (+3).
   It makes you vulnerable to fire.
 u - the ring "Wausyqor" (left hand) {rC+++ MR+ Str+4}
   (You took it off a green draconian on level 5 of the Depths)

   [ring of protection from magic]

   It affects your strength (+4).
   It renders you almost immune to cold.
   It affects your resistance to hostile enchantments.
 W - a +4 amulet of reflection (around neck)
Wands
 N - a wand of heal wounds (8/9)
 S - a wand of enslavement (24/24)
 U - a wand of hasting (9/9)
Scrolls
 a - 3 scrolls of holy word
 e - 7 scrolls of fear
 i - 8 scrolls of blinking
 j - 15 scrolls of teleportation
 l - a scroll of fog
 m - 21 scrolls of remove curse
 n - 6 scrolls of identify
 x - 6 scrolls of enchant weapon
 D - 2 scrolls of brand weapon
 F - 3 scrolls of summoning
 G - a scroll of magic mapping
 P - 4 scrolls of silence
Potions
 d - 6 potions of might
 f - a potion of magic
 o - 19 potions of curing
 p - 2 potions of invisibility
 r - 2 potions of brilliance
 s - 6 potions of haste
 A - 4 potions of resistance
 B - 8 potions of heal wounds
 C - 2 potions of lignification
 E - 4 potions of agility
 K - 3 potions of cure mutation
 L - 11 potions of flight
 M - 4 potions of cancellation
 T - 4 potions of berserk rage
Miscellaneous
 c - a lamp of fire
 g - a disc of storms
 q - 2 sacks of spiders
 w - a fan of gales
 J - 3 boxes of beasts
 R - a crystal ball of energy
Comestibles
 h - 17 meat rations
 z - 3 chunks of flesh


   Skills:
 + Level 19.2 Fighting
 + Level 12.4 Long Blades
 + Level 17.7(20.4) Axes
   Level 1.3(10.3) Maces & Flails
 - Level 15.3(17.7) Polearms
 + Level 18.2 Armour
 + Level 3.2 Dodging
 + Level 6.9 Stealth
 + Level 26.6 Shields
 + Level 7.6 Invocations
 + Level 2.0 Evocations


You had 24 spell levels left.
You didn't know any spells.

Dungeon Overview and Level Annotations

Branches:
Dungeon (15/15)            Temple (0/1) D:4            Lair (6/6) D:8
  Swamp (4/4) Lair:2       Spider (4/4) Lair:4        Slime (0/5) Lair:6
    Orc (2/2) D:11            Elf (0/3) Orc:2        Vaults (5/5) D:14
  Crypt (0/3) Vaults:3     Depths (5/5) D:15            Zot (4/5) Depths:5

Altars:
Cheibriados
Dithmenos
Elyvilon
Fedhas
Kikubaaqudgha
Makhleb
Okawaru
Qazlal
Trog
Uskayaw
Xom
Yredelemnul
Zin
The Shining One
Jiyva

Shops:
D:8 !   D:12 (   D:13 (   Orc:2 [((?=}*(   Vaults:3 (   Vaults:4 (
Depths:5 =}}

Portals:
Hell: Lair:6 Depths:1 Depths:2 Depths:3 Depths:4 Depths:5
Abyss: Depths:1 Depths:4
Pandemonium: Depths:3 Depths:4
Ziggurat: Depths:3

Annotations:
D:10 1 runed door
Swamp:4 Lernaean hydra
Vaults:1 exclusion: orange crystal statue


Innate Abilities, Weirdness & Mutations

You can walk on water.
You have very sharp teeth.
You are surrounded by a mild repulsion field. (EV +2)
You can translocate small distances at will.
You are resistant to hostile enchantments. (MR+)
You are occasionally teleported next to monsters.
You are weak. (Str -2)


Message History

You hit the orb of fire but do no damage.
The orb of fire is lightly damaged.
You slice the orb of fire!! Your bite misses the orb of fire.
The orb of fire is heavily damaged.
You hit the orb of fire but do no damage.
The orb of fire is moderately damaged.
The orb of fire glows red.
Strange energies course through your body.
You feel weirdly uncertain.
You completely miss the orb of fire.
The orb of fire is moderately damaged.
The orb of fire glows yellow.
The fireball explodes!
The fireball engulfs you!
* * * LOW HITPOINT WARNING * * *
The fireball engulfs the orb of fire.
The orb of fire completely resists.
You miss the orb of fire.
The orb of fire is moderately damaged.
The orb of fire glows yellow.
The fireball explodes!
The fireball engulfs you!
You die...

.....##.....# *,,,,,,,,,,
.....##.....# *,,,,,,,,,,
.....###.#+## ***,,,,,,,,,,
#.#+####...# **≈,,≈,,,,,,,, #...#
#...## *,,≈≈≈≈≈,***** ...## #.###
*,≈≈≈≈≈≈≈* .### #.#
*≈≈§≈≈≈≈≈*****
.######.############≈≈≈≈§≈≈≈,,,,,
................@**y.≈≈≈§≈≈≈,****
###################.≈≈≈≈§≈,≈,*
*,#.≈..≈≈,,* *,,,...,,,**
******#****


You could see 2 orbs of fire and a moth of wrath.

Vanquished Creatures
  An ancient lich (Vaults:5)
  A Killer Klown (Zot:1)
  Xtahua (Vaults:2)
  A lich (Depths:4)
  9 tentacled monstrosities
  2 titans (Vaults:5)
  3 sphinxes
  6 storm dragons
  8 death cobs
  3 tengu reavers (Vaults:5)
  A thorn hunter (Swamp:2)
  2 draconian monks (Zot:2)
  4 fire giants
  A draconian knight (Zot:2)
  9 vault wardens
  4 frost giants
  An orc warlord (Bailey)
  3 ghost moths
  A deep elf sorcerer (Vaults:4)
  2 draconian zealots (Zot:2)
  4 emperor scorpions (Spider:4)
  A deep elf elementalist (Vaults:5)
  6 ironheart preservers
  The ghost of McMoop the Summoner, an adept KoSu of Ashenzari (Swamp:4)
  A war gargoyle (Vaults:5)
  5 draconian annihilators
  An entropy weaver (Vaults:2)
  2 draconian callers (Zot:2)
  8 very ugly things
  3 black draconians
  8 stone giants
  A deep elf demonologist (Vaults:5)
  5 green draconians
  A lorocyproca (Depths:4)
  A dire elephant (Lair:6)
  6 red draconians
  2 white draconians
  2 spark wasps (Depths:5)
  3 mottled draconians
  3 purple draconians
  4 yellow draconians
  A deep elf death mage (Vaults:4)
  A merfolk javelineer (Depths:4)
  A minotaur (Lab)
  4 yaktaur captains
  A jiangshi (Depths:4)
  7 ettins
  Josephine (Orc:1)
  2 fire dragons (Vaults:4)
  4 great orbs of eyes
  3 deep elf high priests (Vaults:5)
  3 vault guards
  2 ice dragons (Depths:4)
  4 rakshasas
  4 spriggan air magi
  18 hydras
  5 ogre magi
  3 ghost crabs
  3 merfolk avatars (Swamp:3)
  6 centaur warriors
  7 alligators
  A dancing weapon (Vaults:5)
  2 death yaks (Lair:6)
  A tengu warrior (Depths:1)
  A vampire mage (Depths:5)
  2 orc high priests
  4 spriggan berserkers (Depths:3)
  A deep troll earth mage (Depths:1)
  A deep troll shaman (Depths:3)
  A small abomination (Vaults:4)
  A shock serpent (shapeshifter) (Vaults:5)
  A deep elf knight (Vaults:4)
  A hell knight (Depths:5)
  4 deep trolls
  7 shadow wraiths
  6 flayed ghosts
  3 glowing orange brains
  10 swamp dragons
  6 unseen horrors
  7 spriggan druids
  2 deep elf archers
  4 wizards
  3 phantasmal warriors (Depths:4)
  14 ironbrand convokers
  4 necromancers
  5 shambling mangroves
  2 harpies
  A harpy (shapeshifter) (D:13)
  7 hill giants
  A tengu zombie (Depths:3)
  3 orc knights
  19 ugly things
  3 cyclopes
  A manticore (D:15)
  6 orb spiders
  2 orc sorcerers
  A salamander (shapeshifter) (Vaults:2)
  9 deep elf magi
  17 wolf spiders
  13 moths of wrath
  A fire giant skeleton (Vaults:3)
  2 salamanders (Depths:2)
  A rust devil (Depths:4)
  6 elephants
  10 vault sentinels
  3 centaur skeletons
  A black mamba (shapeshifter) (D:13)
  A stone giant skeleton (Vaults:3)
  A torpor snail (shapeshifter) (Vaults:5)
  2 black mambas
  A torpor snail (Spider:4)
  13 spiny frogs
  2 smoke demons (Depths:4)
  3 komodo dragons
  2 orange demons
  A rime drake (shapeshifter) (D:13)
  6 demonic crawlers
  9 yaktaurs
  2 ice devils (Lair:6)
  11 freezing wraiths
  A kobold demonologist (D:10)
  3 red devils
  13 jumping spiders
  A polar bear (shapeshifter) (Vaults:3)
  3 tengu conjurers
  14 hornets
  12 trolls
  A hornet (shapeshifter) (Depths:4)
  5 two-headed ogres
  23 slime creatures
  Grinder (D:5)
  7 blink frogs
  A dream sheep (shapeshifter) (Vaults:5)
  17 bog bodies
  3 tyrant leeches
  2 hippogriffs
  4 dream sheep (Lair:6)
  6 spriggans
  7 wraiths
  An ettin skeleton (Vaults:3)
  A spriggan (shapeshifter) (Vaults:1)
  A vampire (D:11)
  A shadow (D:15)
  38 redbacks
  2 air elementals (Depths:4)
  12 tarantellas
  15 yaks
  9 water elementals
  3 wyverns
  5 hungry ghosts
  A golden eye (shapeshifter) (Vaults:1)
  A yak (shapeshifter) (Vaults:2)
  A fire elemental (Orc:2)
  17 vampire mosquitoes
  18 swamp worms
  Menkaure (D:5)
  A mottled dragon (D:14)
  4 insubstantial wisps (Swamp:2)
  3 wargs
  10 water moccasins
  2 soldier ants (D:11)
  7 porcupines
  A hell hound (Lair:6)
  16 orc warriors
  16 swamp drakes
  2 ice beasts
  3 phantoms
  An ettin simulacrum (Vaults:3)
  2 black bears
  2 sky beasts
  8 boggarts
  23 ogres
  4 necrophages (D:7)
  2 wolves
  An orc zombie (Vaults:1)
  The ghost of rgaf the Poker, an amateur MfGl (D:3)
  15 centaurs
  6 crocodiles
  A big kobold (D:10)
  10 bullfrogs
  A human skeleton (Vaults:3)
  2 scorpions
  5 killer bees
  2 wights (D:15)
  A vampire bat (Lair:2)
  3 howler monkeys
  2 electric eels
  9 crimson imps
  6 centaur zombies
  4 quasits
  2 jellies
  11 hounds
  16 orc wizards
  8 orc priests
  4 bullfrog skeletons
  A gnoll shaman (D:8)
  3 iguanas
  10 worker ants
  2 hound zombies
  A hound skeleton (D:5)
  A worker ant zombie (D:5)
  18 gnolls
  8 adders
  3 shadow imps
  An ufetubus (Depths:4)
  2 oozes
  An adder zombie (D:7)
  An adder skeleton (D:7)
  2 worms
  4 dart slugs
  6 leopard geckos
  41 orcs
  3 ball pythons
  14 giant cockroaches
  11 goblins
  7 hobgoblins
  18 jackals
  5 quokkas
  16 bats
  12 frilled lizards
  A jackal skeleton (D:4)
  2 jackal zombies
  32 kobolds
  A leopard gecko zombie (D:7)
  11 rats
  A spectral orc (D:8)
  A briar patch (Swamp:2)
  A bush (D:7)
  A crawling corpse (Vaults:5)
  2 fungi
  A plant (Lair:6)
  2 withered plants (D:3)
1181 creatures vanquished.

Vanquished Creatures (collateral kills)
  Saint Roka (Depths:2)
  Frederick (Depths:3)
  The ghost of ZombieSheep the Impregnable, a veteran MiFi of Okawaru (Vaults:5)
  2 golden dragons
  Jory (Vaults:3)
  the Enchantress (Depths:3)
  5 liches
  8 tentacled monstrosities
  7 quicksilver dragons
  2 sphinxes (Vaults:5)
  2 death cobs
  5 shadow dragons
  4 storm dragons
  The ghost of Transcend the Unseen, an adept SpAs of Trog (Vaults:1)
  3 draconian monks (Depths:5)
  8 fire giants
  Donald (Swamp:3)
  5 tengu reavers (Vaults:5)
  3 draconian knights
  10 vault wardens
  Aizul (Spider:4)
  4 frost giants
  2 draconian scorchers (Zot:2)
  2 ghost moths
  A draconian zealot (Zot:3)
  3 emperor scorpions (Spider:4)
  An iron dragon (Depths:4)
  A deep elf sorcerer (Vaults:3)
  5 draconian shifters
  22 very ugly things
  Louise (Spider:2)
  4 spriggan defenders (Depths:3)
  A war gargoyle (Vaults:4)
  11 ironheart preservers
  5 draconian annihilators
  A juggernaut skeleton (Depths:3)
  4 entropy weavers
  16 stone giants
  9 green draconians
  A deep elf demonologist (Vaults:3)
  A draconian caller (Zot:3)
  6 purple draconians
  5 black draconians
  3 deep elf annihilators
  5 white draconians
  7 red draconians
  3 mottled draconians
  2 yellow draconians
  Azrael (Orc:2)
  The ghost of chuchu the Fencer, a journeyman DsAK of Lugonu (Lair:5)
  3 spark wasps
  An eidolon (Vaults:3)
  3 ettins
  2 deep elf death magi
  6 fire dragons
  A fire dragon (shapeshifter) (Vaults:4)
  A jiangshi (Depths:4)
  2 deep elf high priests
  3 hydras (Swamp:3)
  7 yaktaur captains
  6 rakshasas
  7 ice dragons
  29 vault guards
  7 great orbs of eyes
  4 spriggan air magi
  2 alligators (Swamp:3)
  4 deep troll shamans
  A centaur warrior (D:14)
  A death knight (Vaults:1)
  An orc high priest (Orc:2)
  6 death yaks (Lair:6)
  7 ogre magi
  4 deep troll earth magi
  5 tengu warriors
  A vampire mage (Depths:4)
  5 spriggan berserkers
  3 iron trolls
  2 small abominations (Vaults:5)
  2 salamander mystics (Depths:2)
  8 deep elf knights
  8 hell knights
  A sixfirhy (Lair:6)
  3 death drakes (Depths:5)
  2 flayed ghosts
  A spark wasp zombie (Depths:3)
  5 deep trolls
  A shambling mangrove (Swamp:1)
  An unseen horror (D:12)
  2 wizards
  14 ironbrand convokers
  6 deep elf archers
  A tengu zombie (Vaults:1)
  5 harpies
  4 lindwurms (Depths:5)
  3 glowing orange brains
  2 spriggan druids (Depths:3)
  5 necromancers
  2 phantasmal warriors (Vaults:3)
  3 orc knights
  4 hill giants
  A wolf spider (shapeshifter) (Vaults:5)
  13 orb spiders
  26 ugly things
  An orc sorcerer (Vaults:1)
  19 wolf spiders
  6 deep elf magi
  2 cyclopes (Vaults:1)
  21 slime creatures
  4 salamanders
  2 manticores
  7 moths of wrath
  2 centaur zombies
  A fire giant skeleton (Depths:3)
  2 black mambas
  9 elephants
  10 vault sentinels
  A smoke demon (Lair:6)
  2 orange demons (Lair:6)
  A torpor snail (Lair:6)
  6 spiny frogs
  4 freezing wraiths
  5 komodo dragons
  A centaur skeleton (D:15)
  9 demonic crawlers
  29 yaktaurs
  An ice devil (Lair:6)
  A hellwing (Lair:6)
  2 efreet (D:14)
  2 rime drakes (Orc:1)
  5 trolls
  5 tengu conjurers
  26 jumping spiders
  16 two-headed ogres
  15 blink frogs
  13 hornets
  A hornet (shapeshifter) (Vaults:4)
  A meliai zombie (D:14)
  A wind drake (shapeshifter) (Depths:4)
  A slime creature (shapeshifter) (Vaults:5)
  A hippogriff (D:15)
  A dream sheep (Lair:6)
  22 spriggans
  7 air elementals
  4 water elementals
  14 tarantellas
  7 wraiths
  A hog (shapeshifter) (Vaults:5)
  62 redbacks
  22 yaks
  2 fire elementals (Orc:2)
  A hungry ghost (D:11)
  12 vampire mosquitoes
  A mottled dragon (Vaults:1)
  2 swamp worms
  A soldier ant (shapeshifter) (D:15)
  4 water moccasins (Lair:2)
  A soldier ant (D:14)
  A porcupine (Lair:5)
  2 hell hounds (Orc:2)
  3 swamp drakes (Depths:5)
  An ice beast (D:10)
  2 hornet zombies
  5 orc warriors
  A sky beast (D:14)
  A phantom (D:10)
  31 ogres
  An orc zombie (Vaults:1)
  6 centaurs
  3 boggarts
  5 crocodiles
  A big kobold (D:14)
  3 bullfrogs
  A gnoll sergeant (Orc:1)
  4 killer bees
  2 scorpions
  2 human simulacra
  2 wights (D:15)
  An electric eel (Lair:3)
  A crimson imp (D:12)
  3 jellies
  A quasit (Depths:4)
  6 orc wizards
  Crazy Yiuf (D:5)
  4 orc priests
  2 worker ants
  A killer bee zombie (D:8)
  2 gnolls (Orc:1)
  An adder (D:9)
  A shadow imp (D:10)
  A white imp (Depths:3)
  A worm (D:11)
  11 orcs
  A giant cockroach (D:10)
  2 hobgoblins (Bailey)
  A quokka (D:9)
  A bat (Lair:2)
  2 kobolds
  A butterfly (D:10)
  3 crawling corpses (Vaults:5)
  21 fungi
  30 plants
1022 creatures vanquished.

Vanquished Creatures (others)
  Saint Roka (Depths:4)
  3 orc warlords
  A fire giant (Depths:4)
  A draconian zealot (Zot:3)
  A draconian annihilator (Depths:5)
  A stone giant (Depths:4)
  20 orc knights
  A purple draconian (Zot:1)
  3 yaktaur captains
  3 orc high priests
  A centaur warrior (Depths:3)
  A deep elf knight (Vaults:4)
  7 orc sorcerers
  17 orc wizards
  19 yaktaurs
  An air elemental (Depths:4)
  A redback (Spider:1)
  39 orc warriors
  2 ogres (Vaults:1)
  7 centaurs
  16 orc priests
  An adder (D:5)
  87 orcs
  6 kobolds (Bailey)
  22 fungi
  186 plants
448 creatures vanquished.

Grand Total: 2651 creatures vanquished

Notes
Turn   | Place    | Note
-------+----------+-------------------------------------------
     0 | D:1      | recordrepeat the Hill Orc Fighter began the quest for the Orb.
     0 | D:1      | Reached XP level 1. HP: 19/19 MP: 1/1
   168 | D:1      | Reached XP level 2. HP: 27/27 MP: 2/2
   485 | D:1      | Reached XP level 3. HP: 33/33 MP: 3/3
  1125 | D:2      | Reached XP level 4. HP: 40/40 MP: 4/4
  1130 | D:2      | Found a snail-covered altar of Cheibriados.
  1502 | D:2      | Reached skill level 4 in Shields
  1648 | D:3      | Reached XP level 5. HP: 46/46 MP: 5/5
  1681 | D:3      | Noticed rgaf's ghost (amateur MfGl)
  1704 | D:3      | Killed rgaf's ghost
  1704 | D:3      | Reached skill level 5 in Axes
  1704 | D:3      | Reached skill level 1 in Dodging
  1943 | D:3      | Reached XP level 6. HP: 49/53 MP: 6/6
  2031 | D:3      | Found a white marble altar of Elyvilon.
  2031 | D:3      | Found a glowing golden altar of the Shining One.
  2031 | D:3      | Found a glowing silver altar of Zin.
  2205 | D:3      | Found an ancient bone altar of Kikubaaqudgha.
  2439 | D:4      | Noticed an orc warrior
  2479 | D:4      | Killed an orc warrior
  2601 | D:4      | Found a hide-covered altar of Uskayaw.
  2662 | D:4      | Reached XP level 7. HP: 18/60 MP: 7/7
  2889 | D:4      | Found a shadowy altar of Dithmenos.
  3005 | D:4      | Found a staircase to the Ecumenical Temple.
  3102 | D:4      | Reached skill level 5 in Fighting
  3408 | D:4      | Reached skill level 5 in Armour
  3410 | D:4      | Reached skill level 5 in Shields
  3564 | D:5      | Entered Level 5 of the Dungeon
  3610 | D:5      | Gained mutation: You are somewhat resistant to further mutation. [potion of mutation]
  3610 | D:5      | Gained mutation: You can translocate small distances at will. [potion of mutation]
  3610 | D:5      | Gained mutation: You have sharp toenails. [potion of mutation]
  3611 | D:5      | Gained mutation: You tend to lose your temper in combat. [potion of mutation]
  3667 | D:5      | Reached XP level 8. HP: 53/69 MP: 8/8
  3716 | D:5      | Gained mutation: Your muscles are strong. (Str +2) [potion of mutation]
  3716 | D:5      | Lost mutation: Your muscles are strong. (Str +2) [potion of mutation]
  3741 | D:5      | Noticed Menkaure
  3751 | D:5      | Killed Menkaure
  3856 | D:5      | Noticed Grinder
  3857 | D:5      | Paralysed by Grinder for 6 turns
  3873 | D:5      | Killed Grinder
  4112 | D:5      | Reached skill level 6 in Shields
  4158 | D:5      | Became a worshipper of Beogh the Brigand
  4258 | D:5      | Found a runed door.
  4395 | D:6      | Reached skill level 10 in Axes
  4395 | D:6      | Reached XP level 9. HP: 75/75 MP: 9/9
  4692 | D:6      | Found a glowing golden altar of the Shining One.
  5038 | D:7      | Reached * piety under Beogh
  5120 | D:7      | Found a shimmering altar of Xom.
  5523 | D:7      | Found a blossoming altar of Fedhas.
  5594 | D:7      | Reached skill level 7 in Shields
  6098 | D:8      | Found a staircase to the Lair.
  6137 | D:8      | Noticed a troll
  6140 | Lair:1   | Entered Level 1 of the Lair of Beasts
  6248 | Lair:1   | Killed a troll
  6335 | Lair:1   | Reached XP level 10. HP: 62/85 MP: 10/10
  6977 | D:8      | Found a basalt altar of Yredelemnul.
  7043 | D:8      | You fall through a shaft for 3 floors!
  7123 | D:11     | Reached ** piety under Beogh
  7255 | D:12     | Noticed a deep elf mage
  7272 | D:12     | Killed a deep elf mage
  7272 | D:12     | Reached skill level 8 in Shields
  7298 | D:11     | Found a flickering gateway to a bazaar.
  7307 | Bazaar   | Entered a bazaar
  7435 | Bazaar   | Found Nunupsytt's Book Boutique.
  7439 | Bazaar   | Found Tavuuwk's Antique Weapon Boutique.
  7439 | Bazaar   | Found Feadugh's Gadget Boutique.
  7439 | Bazaar   | Found Woariada's Magic Scroll Boutique.
  7898 | D:11     | Noticed a hill giant
  7912 | D:11     | Killed a hill giant
  8152 | D:11     | Reached XP level 11. HP: 86/95 MP: 11/11
  8172 | D:11     | Found a staircase to the Orcish Mines.
  8194 | D:11     | Reached *** piety under Beogh
  8294 | D:10     | Entered Level 10 of the Dungeon
  8302 | D:10     | Found a runed door.
  8315 | D:10     | Found a runed door.
  8510 | D:9      | Found a stormy altar of Qazlal.
  8628 | D:8      | Found Seastrume's Distillery.
  8999 | D:9      | Found an iron altar of Okawaru.
  9394 | D:9      | Found a faded altar of an unknown god.
  9394 | D:9      | Found a faded altar of an unknown god.
  9399 | D:9      | Found a faded altar of an unknown god.
  9408 | D:9      | Found a bloodstained altar of Trog.
  9411 | D:9      | Found a faded altar of an unknown god.
 10145 | D:10     | Reached skill level 1 in Stealth
 10166 | D:10     | Noticed a hill giant
 10180 | D:10     | Killed a hill giant
 10180 | D:10     | Reached skill level 9 in Shields
 10450 | D:10     | Reached **** piety under Beogh
 10775 | D:5      | Noticed Crazy Yiuf
 10779 | D:5      | Killed Crazy Yiuf
 10958 | D:10     | Gained Boruk as an ally
 11062 | D:11     | Reached skill level 1 in Invocations
 11574 | D:12     | Found Zaaleost's Antique Weapon Boutique.
 11710 | D:12     | Noticed a wizard
 11711 | D:12     | Paralysed by a wizard for 3 turns
 11723 | D:12     | Noticed a wolf spider
 11739 | D:12     | Killed a wolf spider
 11739 | D:12     | Gained Murdo as an ally
 11741 | D:12     | Paralysed by a wizard for 7 turns
 11742 | D:12     | Killed a wizard
 11742 | D:12     | Reached skill level 15 in Axes
 11756 | D:12     | Reached ***** piety under Beogh
 11756 | D:12     | Reached skill level 10 in Fighting
 12013 | D:12     | Killed an unseen horror
 12256 | D:12     | Bought a jewelled spear for 280 gold pieces
 12261 | D:12     | Identified the +7 spear of Putrescence {pierce, rF- MR+ Dex+3 SInv} (You bought it in a shop on level 12 of the Dungeon)
 12370 | D:12     | Noticed a green ugly thing
 12383 | D:12     | Killed a green ugly thing
 12881 | Lair:1   | Reached XP level 12. HP: 105/106 MP: 11/13
 12990 | Lair:1   | Reached skill level 10 in Shields
 13035 | Lair:1   | Reached skill level 1 in Polearms
 14201 | Lair:2   | Reached skill level 5 in Polearms
 14234 | Lair:2   | Noticed an eight-headed hydra
 14245 | Lair:2   | Killed an eight-headed hydra
 14351 | Lair:2   | Found a staircase to the Swamp.
 15303 | Lair:3   | Gained Koronagh as an ally
 15303 | Lair:3   | Reached skill level 11 in Shields
 15303 | Lair:3   | Reached skill level 10 in Armour
 15355 | Lair:3   | Reached skill level 1 in Maces & Flails
 16159 | Lair:4   | Got a twisted cloak
 16165 | Lair:4   | Identified the +2 cloak of Reme {+Inv rN+++ Str+5} (You found it on level 4 of the Lair of Beasts)
 16484 | Lair:4   | Got a pair of slimy boots
 16490 | Lair:4   | Identified the +3 pair of boots of Lucidity {rF+ MR+ Int+4} (You found it on level 4 of the Lair of Beasts)
 16493 | Lair:4   | Found a hole to the Spider Nest.
 16558 | Spider:1 | Entered Level 1 of the Spider Nest
 16848 | Lair:4   | Gained Agrik as an ally
 16944 | Lair:5   | Reached XP level 13. HP: 115/115 MP: 14/14
 16962 | Lair:5   | Noticed chuchu's ghost (journeyman DsAK)
 16974 | Lair:5   | Killed chuchu's ghost
 17168 | Lair:5   | Reached ****** piety under Beogh
 17835 | Lair:6   | Entered Level 6 of the Lair of Beasts
 17835 | Lair:6   | Found a staircase to the Slime Pits.
 17835 | Lair:6   | Found a viscous altar of Jiyva.
 17867 | Lair:6   | Reached skill level 12 in Shields
 18197 | Lair:6   | Noticed a dire elephant
 18208 | Lair:6   | Killed a dire elephant
 18245 | Lair:6   | Found a burning altar of Makhleb.
 19198 | Spider:1 | Reached XP level 14. HP: 116/124 MP: 16/16
 19278 | Spider:1 | Reached skill level 13 in Shields
 19994 | Spider:2 | Reached skill level 10 in Polearms
 20255 | Spider:2 | Noticed Louise
 20273 | Spider:2 | Killed Louise
 20866 | Spider:3 | Reached skill level 14 in Shields
 20939 | Spider:3 | Noticed a ghost moth
 20950 | Spider:3 | Killed a ghost moth
 21278 | Spider:3 | Noticed an entropy weaver
 21289 | Spider:3 | Killed an entropy weaver
 22173 | Spider:4 | Entered Level 4 of the Spider Nest
 22175 | Spider:4 | Noticed Aizul
 22198 | Spider:3 | Gained Agrik as an ally
 22326 | Spider:4 | Your ally Agrik died
 22337 | Spider:4 | Killed Aizul
 22337 | Spider:4 | Reached skill level 15 in Shields
 22390 | Spider:4 | Reached XP level 15. HP: 123/132 MP: 17/17
 22445 | Spider:4 | Gained Ortolf as an ally
 23115 | Spider:4 | Noticed a ghost moth
 23127 | Spider:4 | Killed a ghost moth
 23128 | Spider:4 | Noticed a ghost moth
 23143 | Spider:4 | Killed a ghost moth
 23507 | Spider:4 | Noticed an emperor scorpion
 23519 | Spider:4 | Killed an emperor scorpion
 23526 | Spider:4 | Reached skill level 16 in Shields
 23542 | Spider:4 | Noticed an emperor scorpion
 23566 | Spider:4 | Your ally Agrik died
 23584 | Spider:4 | Noticed an emperor scorpion
 23588 | Spider:4 | Killed an emperor scorpion
 23596 | Spider:4 | Killed an emperor scorpion
 23604 | Spider:4 | Noticed an emperor scorpion
 23614 | Spider:4 | Your ally Agrik died
 23624 | Spider:4 | Killed an emperor scorpion
 23627 | Spider:4 | Your ally Murdo died
 24205 | Orc:1    | Entered Level 1 of the Orcish Mines
 24400 | Orc:1    | Noticed Josephine
 24416 | Orc:1    | Killed Josephine
 24464 | Orc:1    | Found a flagged portal.
 24477 | Bailey   | Entered a bailey
 24483 | Bailey   | Noticed an orc warlord
 24656 | Bailey   | Found a runed gate.
 24656 | Bailey   | Found a runed gate.
 24656 | Bailey   | Found a runed gate.
 24768 | Bailey   | Killed an orc warlord
 25352 | Spider:4 | Noticed an emperor scorpion
 25369 | Spider:4 | Killed an emperor scorpion
 25382 | Spider:4 | Killed an emperor scorpion
 25592 | Spider:4 | Noticed a ghost moth
 25592 | Spider:4 | Noticed an emperor scorpion
 25612 | Spider:4 | Killed an emperor scorpion
 25621 | Spider:4 | Killed a ghost moth
 25627 | Spider:4 | Got a gossamer rune of Zot
 25803 | Lair:6   | Reached skill level 17 in Shields
 25969 | Lair:6   | Reached XP level 16. HP: 141/141 MP: 18/18
 26049 | Lair:6   | Got a slimy jade amulet
 26075 | Lair:6   | Identified the amulet of Roih {RegenMP rN++} (You found it on level 6 of the Lair of Beasts)
 26103 | Lair:6   | Reached XP level 17. HP: 140/148 MP: 19/19
 26488 | Lair:6   | Found a gateway to Hell.
 27621 | D:13     | Found Wuxozu's Weapon Emporium.
 28202 | D:14     | Found a labyrinth entrance.
 28222 | Lab      | Entered a labyrinth
 29218 | D:14     | Gained Bogmar as an ally
 29466 | D:14     | Reached skill level 18 in Shields
 29525 | D:14     | Found a gate to the Vaults.
 29585 | D:14     | Identified a scroll of acquirement
 30277 | Swamp:1  | Entered Level 1 of the Swamp
 31110 | Swamp:1  | Got a warped trident
 31111 | Swamp:1  | Identified the +2 trident "Kagh" {flame, Str+3} (You found it on level 1 of the Swamp)
 33441 | Swamp:2  | Reached skill level 19 in Shields
 33752 | Swamp:3  | Noticed Donald
 33792 | Swamp:3  | Killed Donald
 34084 | Swamp:3  | Reached XP level 18. HP: 139/159 MP: 21/21
 34684 | Swamp:4  | Entered Level 4 of the Swamp
 35315 | Swamp:4  | Gained Jorge as an ally
 35370 | Swamp:4  | Your ally Jorge died
 36617 | Swamp:4  | Noticed McMoop's ghost (adept KoSu)
 37030 | Swamp:4  | Killed McMoop's ghost
 37627 | Swamp:4  | Got a warped lead ring
 37633 | Swamp:4  | Identified the ring of Darkness {rF- AC+1 Int+4 Dex+3} (You took it off a spriggan druid on level 4 of the Swamp)
 37643 | Swamp:4  | Noticed the 27-headed Lernaean hydra
 37821 | Swamp:4  | Got a decaying rune of Zot
 38353 | Vaults:1 | Entered Level 1 of the Vaults
 38377 | Vaults:1 | Reached skill level 20 in Shields
 38698 | Vaults:1 | Reached skill level 1 in Evocations
 38882 | Vaults:1 | Gained Morguth as an ally
 39070 | Vaults:1 | Noticed Transcend's ghost (adept SpAs)
 39081 | Vaults:1 | Killed Transcend's ghost
 40569 | Vaults:1 | Reached XP level 19. HP: 107/168 MP: 22/22
 41135 | Vaults:2 | Reached skill level 15 in Fighting
 41175 | Vaults:2 | Noticed Xtahua
 41186 | Vaults:2 | Killed Xtahua
 41456 | Vaults:2 | Gained Warbeogh as an ally
 41466 | Vaults:2 | Your ally Warbeogh died
 41500 | Vaults:2 | Reached skill level 21 in Shields
 41604 | Vaults:2 | Your ally Morguth died
 42346 | Vaults:2 | Reached skill level 15 in Armour
 42769 | D:15     | Entered Level 15 of the Dungeon
 42871 | D:15     | Found a staircase to the Depths.
 43611 | Depths:1 | Entered Level 1 of the Depths
 43967 | Depths:1 | Found a one-way gate to the infinite horrors of the Abyss.
 43995 | Depths:1 | Your ally Morguth died
 45029 | Depths:2 | Gained Wargath as an ally
 45358 | Depths:2 | Noticed a lich
 45366 | Depths:2 | Killed a lich
 46068 | Depths:2 | Reached XP level 20. HP: 180/180 MP: 23/23
 46091 | Depths:2 | Reached skill level 22 in Shields
 46765 | Depths:2 | Noticed Saint Roka
 46770 | Depths:2 | Noticed a golden dragon
 46789 | Depths:2 | Killed a golden dragon
 46794 | Depths:2 | Killed Saint Roka
 47647 | Depths:3 | Noticed Frederick
 47648 | Depths:3 | Found a gateway to a ziggurat.
 47657 | Depths:3 | Killed Frederick
 47709 | Depths:3 | Your ally Koronagh died
 48426 | Depths:3 | Gained Zorug as an ally
 48431 | Depths:3 | Found a one-way gate leading to the halls of Pandemonium.
 48469 | Depths:3 | Gained Oreg as an ally
 48537 | Depths:3 | Noticed the Enchantress
 48546 | Depths:3 | Killed the Enchantress
 49020 | Depths:3 | Got faerie dragon scales
 49032 | Depths:3 | Identified the +5 faerie dragon scales {-Tele rElec rC++} (You took it off the Enchantress on level 3 of the Depths)
 49711 | Depths:3 | Reached skill level 5 in Stealth
 49720 | Depths:3 | Your ally Murdo died
 49753 | Depths:3 | Got a transparent mace {vamp}
 51474 | Orc:2    | Entered Level 2 of the Orcish Mines
 52030 | Depths:4 | Your ally died
 52073 | Depths:3 | Reached skill level 23 in Shields
 52635 | Depths:4 | Reached XP level 21. HP: 189/189 MP: 24/24
 53044 | Depths:4 | Reached skill level 15 in Polearms
 53675 | Depths:4 | Got a jewelled glaive
 53692 | Depths:4 | Identified the cursed +3 mace of the Pill Bug {vamp, +Blink rF+ Int-3 Dex+7} (You took it off a spriggan berserker on level 3 of the Depths)
 53693 | Depths:4 | Identified the +6 glaive "Hydrabane" {freeze, rC+ MR+ Dex-4 SInv} (You found it on level 4 of the Depths)
 53866 | Depths:4 | Gained Nordag as an ally
 54287 | Depths:4 | Your ally Nordag died
 55123 | Depths:4 | Gained mutation: Armour fits poorly on your strangely shaped body. [a shining eye]
 55136 | Depths:4 | Lost mutation: Armour fits poorly on your strangely shaped body. [potion of cure mutation]
 55136 | Depths:4 | Lost mutation: You tend to lose your temper in combat. [potion of cure mutation]
 55136 | Depths:4 | Lost mutation: You are somewhat resistant to further mutation. [potion of cure mutation]
 55136 | Depths:4 | Lost mutation: You have sharp toenails. [potion of cure mutation]
 55140 | Depths:4 | Found a burning altar of Makhleb.
 56260 | Depths:5 | Entered Level 5 of the Depths
 56832 | Orc:2    | Found a staircase to the Elven Halls.
 56843 | Orc:2    | Noticed Azrael
 56856 | Orc:2    | Killed Azrael
 57017 | Orc:2    | Found Bizoplup's Antique Armour Shop.
 57025 | Orc:2    | Bought the cursed +6 large shield of Ignorance {rN+ AC+4 Int-6 *Curse} for 1453 gold pieces
 57288 | Orc:2    | Found Dick's Assorted Antiques.
 57314 | Orc:2    | Found Bamakhlek's Gadget Shop.
 57395 | Orc:2    | Found Wiwnatob's Jewellery Shoppe.
 57423 | Orc:2    | Found Juthroc's Weapon Shop.
 57425 | Orc:2    | Found Bepakyum's Antique Weapon Shoppe.
 57425 | Orc:2    | Found Kunnelusm's Magic Scroll Shop.
 58003 | Orc:2    | Found Geuwk's Antique Weapon Shop.
 58006 | Orc:2    | Bought a shimmering scimitar for 225 gold pieces
 58006 | Orc:2    | Identified the +12 scimitar of Agadghez {slice, SInv} (You bought it in a shop on level 2 of the Orcish Mines)
 58392 | Depths:5 | Noticed a golden dragon
 58485 | Depths:4 | Killed a golden dragon
 58613 | Depths:4 | Reached skill level 1 in Long Blades
 58957 | Depths:5 | Reached skill level 5 in Invocations
 58987 | Depths:5 | Your ally Bogmar died
 59551 | Depths:5 | Found Gulailaa's Jewellery Boutique.
 59552 | Depths:5 | Found Tavu Emo's Gadget Shoppe.
 59552 | Depths:5 | Found Xono's Gadget Shoppe.
 59989 | Depths:5 | Reached skill level 24 in Shields
 60406 | Depths:4 | Your ally Bogmar died
 61255 | Depths:5 | Reached skill level 5 in Long Blades
 61517 | Depths:4 | Reached XP level 22. HP: 113/197 MP: 25/25
 61775 | Depths:5 | Found a gate to the Realm of Zot.
 62865 | Depths:5 | Got a bound steel ring
 62867 | Depths:5 | Identified the ring "Wausyqor" {rC+++ MR+ Str+4} (You took it off a green draconian on level 5 of the Depths)
 63358 | Vaults:3 | Noticed Jory
 63373 | Vaults:3 | Killed Jory
 63552 | Vaults:3 | Found Yloinan's Antique Weapon Emporium.
 63935 | Vaults:3 | Gained mutation: You are surrounded by a mild repulsion field. (EV +2) [potion of mutation]
 63935 | Vaults:3 | Gained mutation: You are clumsy. (Dex -2) [potion of mutation]
 63935 | Vaults:3 | Lost mutation: You are clumsy. (Dex -2) [potion of mutation]
 64022 | Vaults:3 | Gained Geork as an ally
 65460 | Vaults:3 | Found a staircase to the Crypt.
 65808 | Vaults:4 | Found Veisch's Antique Weapon Shoppe.
 66266 | Vaults:4 | Reached skill level 10 in Long Blades
 67445 | Vaults:4 | Got a transparent arbalest
 67452 | Vaults:4 | Got a smoking arbalest
 67455 | Vaults:4 | Identified the cursed +1 arbalest "Tuset" {penet, Fragile rPois MR+++ Dex-3} (You found it on level 4 of the Vaults)
 67456 | Vaults:4 | Identified the +4 arbalest of Equivalence {elec, *Corrode rElec Int+3} (You found it on level 4 of the Vaults)
 67660 | Vaults:4 | Gained Bogwald as an ally
 68151 | Vaults:5 | Entered Level 5 of the Vaults
 68443 | Vaults:5 | Reached XP level 23. HP: 206/206 MP: 27/27
 68443 | Vaults:5 | Your ally Bogwald died
 68445 | Vaults:5 | Your ally Geork died
 68456 | Vaults:5 | Your ally Wargath died
 68460 | Vaults:5 | Your ally Zorug died
 68771 | Vaults:5 | Gained Learuk as an ally
 69020 | Vaults:5 | Noticed ZombieSheep's ghost (veteran MiFi)
 69038 | Vaults:5 | Killed ZombieSheep's ghost
 69120 | Vaults:5 | Reached skill level 25 in Shields
 69154 | Vaults:5 | Got a scorched war axe
 69285 | Vaults:5 | Identified the +10 war axe "Xokhlish" {chop, +Rage Int+3} (You found it on level 5 of the Vaults)
 69291 | Vaults:5 | Got a steaming falchion
 69292 | Vaults:5 | Identified the cursed +3 falchion of Shrieking Terror {antimagic, MP+9 Str+4 Dex+3} (You found it on level 5 of the Vaults)
 69371 | Vaults:5 | Gained Dorog as an ally
 70902 | Vaults:5 | Gained Ogrik as an ally
 71019 | Vaults:5 | Your ally Ogrik died
 71061 | Vaults:5 | Gained Gorm as an ally
 71072 | Vaults:5 | Gained Geork as an ally
 71111 | Vaults:5 | Got an ancient broad axe {freeze}
 71112 | Vaults:5 | Identified the +5 broad axe of the Realm of Zot {freeze, Int+3 Dex+3} (You took it off an ogre mage on level 5 of the Vaults)
 71130 | Vaults:5 | Identified the Grimoire of the Spatial Rocks
 71139 | Vaults:5 | Got a silver rune of Zot
 71443 | Vaults:5 | Got an encrusted rapier {freeze}
 71444 | Vaults:5 | Identified the +9 rapier of Tynom {freeze, +Rage rElec MR- Dex+8} (You took it off a deep elf high priest on level 5 of the Vaults)
 71727 | Vaults:5 | Noticed an ancient lich
 71734 | Vaults:5 | Killed an ancient lich
 71777 | Vaults:5 | Reached XP level 24. HP: 217/217 MP: 27/27
 71863 | Vaults:5 | Gained Argrim as an ally
 72305 | Zot:1    | Entered Level 1 of the Realm of Zot
 72560 | Zot:1    | Your ally Dorog died
 73490 | Zot:1    | Identified the Incunabulum of Noxious Ignition
 74445 | Zot:2    | Reached skill level 26 in Shields
 74894 | Zot:1    | Noticed a Killer Klown
 74904 | Zot:1    | Killed a Killer Klown
 77296 | Zot:2    | Your ally Argrim died
 78221 | Zot:2    | Reached XP level 25. HP: 227/227 MP: 26/28
 78745 | Zot:3    | Gained mutation: You have very sharp teeth. [potion of mutation]
 78745 | Zot:3    | Gained mutation: You are resistant to hostile enchantments. (MR+) [potion of mutation]
 78772 | Zot:3    | Got a crude robe
 78773 | Zot:3    | Identified the +0 robe "Xoist" {*Contam rN++ Int+2 Stlth+} (You found it on level 3 of the Realm of Zot)
 79324 | Zot:4    | Noticed an orb of fire
 79325 | Zot:4    | Noticed an orb of fire
 79329 | Zot:4    | Gained mutation: You are weak. (Str -2) [an orb of fire]
 79335 | Zot:4    | Gained mutation: You are occasionally teleported next to monsters. [an orb of fire]
 79337 | Zot:4    | Killed from afar by an orb of fire

Skill      XL: |  1  2  3  4  5  6  7  8  9 10 11 12 13 14 15 16 17 18 19 20 21 22 23 24 |
---------------+-------------------------------------------------------------------------+-----
Axes           | 3 4 5 6 7 10 12 14 15 16 17 | 17.7
Fighting       | 4 5 6 7 8 10 11 12 13 14 15 16 17 18 19 | 19.2
Shields        | 4 5 6 7 8 9 11 12 15 17 19 20 21 23 24 25 26 | 26.6
Armour         | 4 5 6 7 9 10 11 12 13 14 15 16 17 18 | 18.2
Dodging        | 1 2 3 |  3.2
Stealth        | 1 2 3 4 5 6 |  6.9
Invocations    | 1 2 3 4 5 6 7 |  7.6
Polearms       | 6 9 10 11 12 13 14 15 | 15.3
Maces & Flails | 1 |  1.3
Evocations     | 1 2 |  2.0
Long Blades    | 5 11 12 | 12.4

Action                   |  1- 3 |  4- 6 |  7- 9 | 10-12 | 13-15 | 16-18 | 19-21 | 22-24 | 25-27 || total
-------------------------+-------+-------+-------+-------+-------+-------+-------+-------+-------++-------
Melee: War axe           |   113 |   254 |   503 |   579 |       |       |       |   623 |    82 ||  2154
       Spear             |       |       |       |   280 |  1127 |  1937 |  1724 |       |       ||  5068
       Mace              |       |       |       |    39 |       |       |       |       |       ||    39
       Scimitar          |       |       |       |       |       |       |    87 |   508 |       ||   595
       Bite              |       |       |       |       |       |       |       |       |    11 ||    11
Invok: Convert to Beogh  |       |       |     1 |       |       |       |       |       |       ||     1
       Recall Orcish Fol |       |       |       |     9 |    16 |    21 |    32 |    64 |     3 ||   145
       Give Item to Name |       |       |       |     1 |     3 |     3 |     5 |     7 |       ||    19
       Resurrection      |       |       |       |       |     2 |     1 |     5 |     2 |       ||    10
       Stop Recall       |       |       |       |       |       |     5 |    13 |    15 |       ||    33
       Smiting           |       |       |       |       |       |       |     1 |       |       ||     1
 Abil: Blink             |       |       |     2 |     2 |       |       |     3 |       |       ||     7
       Evoke Invisibilit |       |       |       |       |       |     2 |       |       |       ||     2
Evoke: Wand              |       |       |       |       |       |       |     8 |     2 |       ||    10
       Sack of spiders   |       |       |       |       |       |       |       |     2 |       ||     2
       Lamp of fire      |       |       |       |       |       |       |       |     1 |       ||     1
  Use: Scroll            |       |     1 |     7 |    10 |    15 |    17 |    15 |    11 |     2 ||    78
       Potion            |       |       |     3 |     4 |     2 |     1 |     5 |     3 |     1 ||    19
 Stab: Distracted        |       |       |       |     2 |    13 |     7 |    16 |    21 |       ||    59
       Confused          |       |       |       |       |       |     2 |       |       |       ||     2
  Eat: Chunk             |     1 |     5 |    13 |    17 |     5 |    20 |    16 |    15 |       ||    92
       Pizza             |       |       |     2 |     2 |     2 |     2 |     1 |       |       ||     9
       Beef jerky        |       |       |     1 |     2 |     5 |     1 |     3 |     2 |       ||    14
       Royal jelly       |       |       |     1 |       |       |       |    10 |       |       ||    11
       Fruit             |       |       |       |     5 |       |     3 |     6 |     4 |       ||    18
       Bread ration      |       |       |       |     1 |     3 |     4 |     3 |     1 |       ||    12
       Meat ration       |       |       |       |     1 |       |     1 |     1 |     6 |     1 ||    10
Armor: Scale mail        |    61 |    98 |       |       |       |       |       |       |       ||   159
       Plate armour      |       |     5 |   276 |   293 |   258 |       |       |       |       ||   832
       Crystal plate arm |       |       |       |       |   233 |   629 |   381 |   296 |    19 ||  1558
       Skin              |       |       |       |       |       |       |     3 |     4 |       ||     7
Dodge: Dodged            |    46 |    65 |   117 |   157 |   192 |   185 |   125 |   141 |    10 ||  1038
Block: Shield            |    55 |   118 |   171 |    59 |   346 |       |       |       |       ||   749
       Buckler           |       |       |    62 |   333 |       |       |       |       |       ||   395
       Reflection        |       |       |       |     7 |    36 |    55 |   116 |    93 |     3 ||   310
       Large shield      |       |       |       |       |   914 |  1600 |  1452 |  1490 |    99 ||  5555
       Other             |       |       |       |       |       |     6 |     2 |       |       ||     8
       Rpst.: Scimitar   |       |       |       |       |       |       |     5 |     4 |       ||     9
